 Dungeon Crawl Stone Soup version 0.18-a0-1405-g73f4075 (webtiles) character file.

62 gorblad the Cudgeler (level 4, -2/50 HPs)
             Began as an Ogre Berserker on Feb 24, 2016.
             Was a Believer of Trog.
             Slain by a gnoll
             ... wielding a +0 spear
              (5 damage)
             ... on level 3 of the Dungeon.
             The game lasted 00:03:18 (1745 turns).

gorblad the Cudgeler (Ogre Berserker)               Turns: 1745, Time: 00:03:18

Health: -2/50      AC:  4    Str: 23    XL:     4   Next: 8%
Magic:  4/4        EV: 10    Int:  6    God:    Trog [**....]
Gold:   49         SH:  0    Dex:  9    Spells: 0 memorised, 3 levels left

rFire  . . .     SeeInvis .     a - +0 mace
rCold  . . .     Gourm    .     b - +1 animal skin
rNeg   . . .     Faith    .     (no shield)
rPois  .         Spirit   .     (helmet restricted)
rElec  .         Dismiss  .     (no cloak)
rCorr  .         Reflect  .     (gloves unavailable)
SustAt .         Harm     .     (boots unavailable)
MR     ++...                    (no amulet)
Stlth  +.........               (no ring)
                                (no ring)

@: flying, very slightly contaminated, regenerating, invisible, very resistant
to hostile enchantments, very unstealthy
A: unfitting armour, tough skin 1
a: Berserk, Trog's Hand, Burn Spellbooks, Renounce Religion


You were on level 3 of the Dungeon.
You worshipped Trog.
Trog was pleased with you.
You were not hungry.

You visited 1 branch of the dungeon, and saw 3 of its levels.

You collected 49 gold pieces.

Inventory:

Hand Weapons
 a - a +0 mace (weapon)
Armour
 b - a +1 animal skin (worn)
Scrolls
 f - 2 scrolls of remove curse
 g - 2 scrolls of identify
Potions
 e - a potion of brilliance
Comestibles
 c - a bread ration
 k - a meat ration


   Skills:
 + Level 5.1 Fighting
 + Level 5.5 Maces & Flails
 - Level 2.6 Dodging


You had 3 spell levels left.
You didn't know any spells.

Dungeon Overview and Level Annotations

Branches:
Dungeon (3/15)

Altars:


Innate Abilities, Weirdness & Mutations

You are too large for most types of armour.
You have tough skin (AC +1).


Message History

The gnoll hits you but does no damage.
You are very lightly contaminated with residual magic.
You hit the worm.
The worm is lightly wounded.
The gnoll hits you but does no damage. The gnoll closely misses you.
The adder closely misses you. The worm bites you.
* * * LOW HITPOINT WARNING * * *
The ball python bites you but does no damage.
The gnoll closely misses you. The gnoll barely misses you.
You hit the ball python.
You kill the ball python!
Trog accepts your kill. The adder misses you. The adder barely misses you.
The gnoll barely misses you. The gnoll hits you.
* * * LOW HITPOINT WARNING * * *
You sock the gnoll!
The gnoll is severely wounded.
The gnoll misses you. The adder barely misses you. The worm closely misses you.
The gnoll hits you from afar with a spear.
You die...

#. #. #.# #.#
###.# ##...###
##...g..##
##...g.@g.##
#.....S.w..#
#.....<....#
#..........#
............#
##..........#
##...........
#..........###
#>.........#


You could see a worm, 3 gnolls and an adder.

Vanquished Creatures
  2 oozes
  2 dart slugs
  A giant gecko (D:1)
  2 bats
  6 giant cockroaches
  7 goblins (D:2)
  6 hobgoblins
  2 quokkas (D:2)
  A ball python (D:3)
  2 giant newts
  8 kobolds
  3 rats
42 creatures vanquished.

Notes
Turn   | Place    | Note
--------------------------------------------------------------
     0 | D:1      | gorblad the Ogre Berserker began the quest for the Orb.
     0 | D:1      | Reached XP level 1. HP: 24/24 MP: 1/1
    82 | D:1      | Reached XP level 2. HP: 16/33 MP: 2/2
   593 | D:1      | Reached XP level 3. HP: 36/40 MP: 3/3
   951 | D:2      | Reached skill level 5 in Maces & Flails
   990 | D:2      | Reached ** piety under Trog
   991 | D:2      | Reached skill level 5 in Fighting
  1502 | D:2      | Reached XP level 4. HP: 45/50 MP: 4/4
  1744 | D:3      | HP: 1/50 [gnoll (4)]
  1745 | D:3      | Slain by a gnoll

Vault maps used:
D:1:      dpeg_arrival_tiny_h
D:2:      minmay_ruptured
D:3:      nicolae_overflow_crystal_walls, ecumenical_altar_1

Skill      XL: |  1  2  3 |
---------------+----------+-----
Maces & Flails | 5 |  5.5
Fighting       | 5 |  5.1
Dodging        | |  2.6

Action                   |  1- 3 |  4- 6 || total
-------------------------+-------+-------++-------
Melee: Mace              |   130 |    14 ||   144
Invok: Trog's Hand       |       |     1 ||     1
  Use: Scroll            |     4 |     2 ||     6
       Potion            |       |     2 ||     2
 Stab: Sleeping          |     1 |       ||     1
  Eat: Chunk             |     1 |       ||     1
       Bread ration      |       |     1 ||     1
